 Dungeon Crawl Stone Soup version 0.23.2-1-ga50397a (webtiles) character file.

Game seed: 1839882784515984115

18909 taoistronin the Spear-Bearer (level 12, -2/165 HPs)
             Began as a Minotaur Berserker on May 7, 2019.
             Was a High Priest of Trog.
             Slain by a harpy (10 damage)
             ... on level 3 of the Lair of Beasts on May 9, 2019.
             The game lasted 01:00:04 (12691 turns).

taoistronin the Spear-Bearer (Minotaur Berserker)  Turns: 12691, Time: 01:00:05

Health: -2/165     AC: 22    Str: 30    XL:     12   Next: 31%
Magic:  11/11      EV: 16    Int:  5    God:    Trog [*****.]
Gold:   640        SH:  0    Dex: 11    Spells: 11/11 levels left

rFire    . . .     SeeInvis .   X - +1 spear (venom)
rCold    . . .     Gourm    .   (no shield)
rNeg     . . .     Faith    .   D - +3 ring mail
rPois    .         Spirit   .   q - +2 hat
rElec    .         Reflect  .   Y - +2 cloak
rCorr    .         Harm     .   (no gloves)
MR       +....                  o - +0 pair of boots
Stlth    ..........             (no amulet)
HPRegen  0.37/turn              f - ring of protection from magic
MPRegen  0.12/turn              s - +5 ring of protection

@: berserking, very quick
A: retaliatory headbutt, horns 2
a: Berserk, Trog's Hand, Brothers in Arms, Renounce Religion


You were on level 3 of the Lair of Beasts.
You worshipped Trog.
Trog was extremely pleased with you.
You were not hungry.

You visited 3 branches of the dungeon, and saw 13 of its levels.

You collected 640 gold pieces.

Inventory:

Hand Weapons
 y - a +1 shortbow
 K - a +4 long sword of electrocution
 M - the +14 obsidian axe {chop, +Fly SInv *Curse}
   (You found it on level 8 of the Dungeon)

   It inflicts extra damage upon your enemies.
   It lets you see invisible.
   It lets you fly.
   It curses itself when equipped.
 T - the +6 battleaxe "Newtslayer" {drain, Str+6, unknown}
   (Trog gifted it to you on level 2 of the Lair of Beasts)

   A truly terrible weapon, it drains the life of those it strikes.
   It affects your strength (+6).
 X - a +1 spear of venom (weapon)
Missiles
 e - 286 arrows (quivered)
 g - 387 stones
Armour
 i - a +2 ring mail of magic resistance
 o - a +0 pair of boots (worn)
 q - a +2 hat (worn)
 D - a +3 ring mail (worn)
 F - a +0 plate armour
 R - a scarf of cloud immunity
 Y - a +2 cloak (worn)
Jewellery
 f - a ring of protection from magic (left hand)
 s - a +5 ring of protection (right hand)
 H - a +6 ring of intelligence
 I - an uncursed amulet of the gourmand
 U - an uncursed ring of resist corrosion
Wands
 a - a wand of iceblast (15)
 h - a wand of disintegration (7)
 r - a wand of random effects (15)
 G - a wand of scattershot (3)
 L - a wand of clouds (3)
Scrolls
 j - 10 scrolls of remove curse
 m - 3 scrolls of fear
 v - 4 scrolls of fog
 w - 7 scrolls of teleportation
Potions
 l - 3 potions of might
 n - 3 potions of agility
 p - 7 potions of flight
 u - 3 potions of brilliance
 x - 2 potions of heal wounds
 z - 3 potions of berserk rage
 A - 2 potions of degeneration {unknown}
 B - a potion of cancellation {unknown}
 C - a potion of ambrosia {unknown}
 E - 3 potions of lignification {unknown}
 P - a potion of haste {unknown}
 W - a potion of invisibility {unknown}
Miscellaneous
 J - a sack of spiders
 N - 2 phantom mirrors
Comestibles
 b - 6 chunks of flesh
 c - 22 rations


   Skills:
 + Level 11.3 Fighting
 + Level 9.4(12.2) Axes
 + Level 12.5(13.6) Polearms
 + Level 11.2 Armour
 + Level 9.3 Dodging
 + Level 3.7 Stealth


You had 11 spell levels left.
You didn't know any spells.
Your spell library was empty.

Dungeon Overview and Level Annotations

Branches:
Dungeon (9/15)             Temple (0/1) D:4            Lair (3/6) D:9
 Shoals (1/4) Lair:3
  Snake: Lair:2-4    Spider: Lair:2-4       Orc: D:9-12

Altars:
Ashenzari
Dithmenos
Fedhas
Gozag
Makhleb
Nemelex Xobeh
Qazlal
Ru
Wu Jian
The Shining One

Shops:
D:6 !*[*

Annotations:
D:7 3 runed translucent doors, IBeShadow's ghost, novice DsGl


Innate Abilities, Weirdness & Mutations

You reflexively headbutt those who attack you in melee.
You have a pair of horns on your head.


Message History

You headbutt the harpy! The harpy claws you! x2
The harpy completely misses you. The harpy claws you!
* * * LOW HITPOINT WARNING * * *
The harpy claws you but does no damage.
The harpy screeches!
The harpy claws you.
* * * LOW HITPOINT WARNING * * *
The harpy claws you but does no damage. The harpy claws you!
* * * LOW HITPOINT WARNING * * *
The harpy claws you but does no damage. The harpy misses you.
The harpy claws you but does no damage. The harpy barely misses you.
The harpy claws you!
* * * LOW HITPOINT WARNING * * *
You climb upwards.
Welcome back to the Lair of Beasts!
There is a staircase to the Shoals here.
You can't go up here!
A red film seems to cover your vision as you go berserk!
You feel yourself moving faster!
You feel mighty!
You feel a lot more hungry. The harpy claws you!
You die...

.......#.....##
......P.........
......P.....^....
#....P.....PP.... ..
#..P............ ...
#...P.......P... ....
#..P.P.H....P... ....#
##...P.H@.P.....
.....##
#..P..........P.
#....##............P.#
#.....))P.....P...P.#
#.#............P....#
###.<)..P.P.PP...#.
##.............#..
##......P..........
#.#.....P.##......##


You could see 2 harpies.

Vanquished Creatures
  Gastronok (Lair:2)
  A hydra (Lair:1)
  A two-headed ogre (D:9)
  2 death yaks (D:9)
  2 black mambas (Lair:2)
  3 spiny frogs
  A rime drake (Lair:2)
  2 komodo dragons (Lair:2)
  Grinder (D:5)
  3 blink frogs (Lair:2)
  A hippogriff (D:9)
  Sigmund (D:4)
  A wyvern (Lair:2)
  A wraith (D:8)
  14 yaks
  A basilisk (Lair:2)
  A vampire mosquito (D:8)
  Edmund (D:5)
  8 water moccasins
  A porcupine (Lair:1)
  2 orc warriors
  A black bear (D:8)
  2 sky beasts
  A phantom (D:7)
  An ice beast (D:6)
  4 ogres
  29 wolves
  2 crocodiles
  9 centaurs
  4 bullfrogs
  A wyvern zombie (D:6)
  A wyvern skeleton (D:9)
  2 scorpions
  A killer bee (D:9)
  2 howler monkeys
  3 crimson imps
  7 hounds
  A centaur skeleton (D:8)
  2 orc priests
  An iguana (D:5)
  Ijyb (D:3)
  7 orc wizards
  5 worker ants
  A hound skeleton (D:6)
  10 gnolls
  A howler monkey skeleton (D:5)
  9 adders
  A river rat (D:9)
  2 shadow imps (D:6)
  An ooze (D:3)
  An adder skeleton (D:8)
  4 worms
  A dart slug (D:2)
  5 leopard geckos
  25 orcs
  2 ball pythons (D:2)
  11 bats
  4 giant cockroaches
  4 goblins
  8 hobgoblins
  3 jackals (D:1)
  5 quokkas
  5 frilled lizards
  A giant cockroach zombie (D:6)
  9 kobolds
  A leopard gecko skeleton (D:4)
  2 quokka skeletons
  10 rats
262 creatures vanquished.

Vanquished Creatures (collateral kills)
  A hydra (D:8)
  A death yak (D:9)
  A komodo dragon (Lair:1)
  A kobold demonologist (D:8)
  5 yaks
  2 porcupines (D:9)
  A gnoll sergeant (D:9)
  2 killer bees (D:9)
  A worker ant (D:8)
  2 gnolls (D:9)
  A quokka (D:9)
  3 rats (D:9)
21 creatures vanquished.

Vanquished Creatures (others)
  A fungus (Lair:2)
1 creature vanquished.

Grand Total: 284 creatures vanquished

Notes
Turn   | Place    | Note
-------+----------+-------------------------------------------
     0 | D:1      | taoistronin the Minotaur Berserker began the quest for the
                  | Orb.
     0 | D:1      | Reached XP level 1. HP: 19/19 MP: 0/0
   101 | D:1      | Reached XP level 2. HP: 27/27 MP: 1/1
   316 | D:1      | Reached ** piety under Trog
   347 | D:1      | Reached skill level 4 in Polearms
   531 | D:1      | Reached XP level 3. HP: 30/33 MP: 2/2
   688 | D:1      | Found a glowing golden altar of the Shining One.
  1042 | D:2      | Reached XP level 4. HP: 16/41 MP: 3/3
  1373 | D:2      | Found a blossoming altar of Fedhas.
  1425 | D:2      | Found an ornate altar of the Wu Jian Council.
  1581 | D:2      | Found a shattered altar of Ashenzari.
  1709 | D:3      | Noticed Ijyb
  1740 | D:3      | Killed Ijyb
  1740 | D:3      | Reached skill level 5 in Polearms
  1744 | D:3      | Reached XP level 5. HP: 11/47 MP: 4/4
  2081 | D:3      | Reached *** piety under Trog
  2516 | D:4      | Noticed Sigmund
  2516 | D:4      | Noticed an ogre
  2517 | D:4      | Found a staircase to the Ecumenical Temple.
  2517 | D:4      | Noticed an ogre
  2523 | D:4      | Killed Sigmund
  2523 | D:4      | Reached skill level 5 in Fighting
  2523 | D:4      | Reached skill level 6 in Polearms
  2523 | D:4      | Reached XP level 6. HP: 56/56 MP: 5/5
  2533 | D:4      | Reached skill level 1 in Stealth
  2533 | D:4      | Reached XP level 7. HP: 46/61 MP: 6/6
  2564 | D:3      | Reached skill level 7 in Polearms
  2977 | D:4      | Found a sacrificial altar of Ru.
  3085 | D:4      | Reached skill level 5 in Armour
  3375 | D:5      | Entered Level 5 of the Dungeon
  3448 | D:5      | Found an opulent altar of Gozag.
  3484 | D:5      | Found a shadowy altar of Dithmenos.
  3484 | D:5      | Found a stormy altar of Qazlal.
  3485 | D:5      | Found a shattered altar of Ashenzari.
  3496 | D:5      | Found a burning altar of Makhleb.
  3551 | D:5      | Noticed Grinder
  3575 | D:5      | Killed Grinder
  3752 | D:5      | Reached skill level 8 in Polearms
  3752 | D:5      | Reached XP level 8. HP: 56/70 MP: 7/7
  3778 | D:5      | Noticed Edmund
  3787 | D:5      | Killed Edmund
  4160 | D:6      | Found Qotuq's General Store.
  4182 | D:5      | Reached skill level 5 in Dodging
  4436 | D:6      | Reached **** piety under Trog
  4464 | D:6      | Found Jaadghoso's Assorted Antiques.
  4474 | D:6      | Found Oshuceb's Distillery.
  4593 | D:6      | Reached skill level 9 in Polearms
  5011 | D:6      | Reached XP level 9. HP: 78/79 MP: 8/8
  5347 | D:6      | Found Fuled's Armour Emporium.
  5576 | D:6      | You fall through a shaft!
  6321 | D:7      | Found a runed translucent gate.
  6322 | D:7      | Found a runed translucent gate.
  6323 | D:7      | Found a runed translucent gate.
  6325 | D:7      | Noticed IBeShadow's ghost (novice DsGl)
  6679 | D:8      | Noticed a kobold demonologist
  6683 | D:8      | Noticed a six-headed hydra
  6683 | D:8      | Reached skill level 10 in Polearms
  7270 | D:8      | Killed a six-headed hydra
  7290 | D:8      | Killed a kobold demonologist
  7365 | D:8      | Found the cursed +14 obsidian axe {chop, +Fly SInv *Curse}
  7414 | D:8      | Found a sparkling altar of Nemelex Xobeh.
  7419 | D:8      | Reached XP level 10. HP: 81/90 MP: 9/9
  7656 | D:9      | Noticed a two-headed ogre
  7660 | D:9      | Killed a two-headed ogre
  7660 | D:9      | Reached skill level 1 in Axes
  7660 | D:9      | Reached skill level 11 in Polearms
  7779 | D:9      | Noticed a death yak
  7780 | D:9      | Noticed a death yak
  7782 | D:9      | Found a staircase to the Lair.
  7782 | D:9      | Noticed a death yak
  7787 | D:9      | Killed a death yak
  7788 | D:9      | Killed a death yak
  7794 | D:9      | HP: 4/91 [orc warrior/+0 short sword (14)]
  7797 | D:9      | Killed a death yak
  7797 | D:9      | Reached skill level 5 in Axes
  7798 | D:9      | Reached ***** piety under Trog
  8356 | D:9      | Reached XP level 11. HP: 99/99 MP: 10/10
  8651 | Lair:1   | Entered Level 1 of the Lair of Beasts
  8946 | Lair:1   | Reached skill level 10 in Armour
  8949 | Lair:1   | Reached skill level 10 in Fighting
  9280 | Lair:1   | Noticed an eight-headed hydra
  9293 | Lair:1   | Killed an eight-headed hydra
 10205 | Lair:2   | Received a gift from Trog
 10260 | Lair:2   | Got a slimy battleaxe {god gift}
 10590 | Lair:2   | Found a shadowy altar of Dithmenos.
 10615 | Lair:2   | Noticed Gastronok
 11322 | Lair:2   | Killed Gastronok
 11322 | Lair:2   | Reached skill level 12 in Polearms
 11322 | Lair:2   | Reached XP level 12. HP: 110/110 MP: 11/11
 12380 | Lair:2   | Identified a scroll of acquirement
 12596 | Lair:3   | Found a staircase to the Shoals.
 12679 | Shoals:1 | Entered Level 1 of the Shoals
 12689 | Shoals:1 | HP: 5/110 [harpy (11)]
 12691 | Lair:3   | Slain by a harpy

Skill      XL: |  1  2  3  4  5  6  7  8  9 10 11 12 |
---------------+-------------------------------------+-----
Fighting       | 4 5 6 7 8 9 11 | 11.3
Polearms       | 4 5 6 8 9 10 11 12 | 12.5
Armour         | 3 4 5 6 8 9 10 11 | 11.2
Dodging        | 3 4 5 7 8 9 |  9.3
Stealth        | 1 2 3 |  3.7
Axes           | 6 9 |  9.4

Action                   |  1- 3 |  4- 6 |  7- 9 | 10-12 || total
-------------------------+-------+-------+-------+-------++-------
Melee: Spear             |    85 |    94 |   336 |   285 ||   800
       Headbutt          |    15 |    15 |    76 |    87 ||   193
       Broad axe         |       |       |     2 |    69 ||    71
Invok: Berserk           |       |     1 |     3 |     7 ||    11
       Brothers in Arms  |       |       |     1 |       ||     1
  Use: Scroll            |     5 |     4 |     3 |    13 ||    25
       Potion            |       |       |       |     5 ||     5
 Stab: Sleeping          |     2 |       |       |       ||     2
       Distracted        |       |       |       |     1 ||     1
  Eat: Chunk             |       |     2 |     7 |    10 ||    19
       Ration            |       |     1 |     4 |     4 ||     9
Armor: Animal skin       |    10 |       |       |       ||    10
       Leather armour    |     6 |     2 |       |       ||     8
       Ring mail         |       |    30 |   137 |   157 ||   324
Dodge: Dodged            |    59 |    69 |   255 |   320 ||   703
